 Dungeon Crawl Stone Soup version 0.21.1-1-g345015f (webtiles) character file.

1600 Mirai the Thaumaturge (level 8, -1/41 HPs)
             Began as a Deep Elf Conjurer on Mar 27, 2018.
             Killed by an exploding fulminant prism (25 damage)
             ... created by the player character
             ... on level 6 of the Dungeon.
             The game lasted 00:17:15 (4086 turns).

Mirai the Thaumaturge (Deep Elf Conjurer)           Turns: 4086, Time: 00:17:16

Health: -1/41      AC:  6    Str:  5    XL:     8   Next: 62%
Magic:  7/25       EV: 12    Int: 23    God:
Gold:   133        SH:  0    Dex: 15    Spells: 19/30 levels left

rFire    . . .     SeeInvis .   w - +2 dagger (drain)
rCold    . . .     Gourm    .   (no shield)
rNeg     . . .     Faith    .   v - +1 leather armour
rPois    .         Spirit   .   n - +0 helmet
rElec    .         Reflect  .   s - +0 cloak
rCorr    .         Harm     .   (no gloves)
MR       .....                  (no boots)
Stlth    +++.......             (no amulet)
HPRegen  0.13/turn              k - ring of stealth
MPRegen  0.19/turn              (no ring)

@: no status effects
A: no striking features
a: no special abilities


You were on level 6 of the Dungeon.
You were very hungry.

You visited 1 branch of the dungeon, and saw 6 of its levels.

You collected 133 gold pieces.

Inventory:

Hand Weapons
 a - a cursed -2 dagger
 w - a +2 dagger of draining (weapon)
Armour
 n - a +0 helmet (worn)
 s - a +0 cloak (worn)
 v - a +1 leather armour (worn)
Jewellery
 i - an uncursed ring of magical power {unknown}
 k - a ring of stealth (left hand)
Wands
 d - a wand of acid (3)
 f - a wand of iceblast (12)
Scrolls
 e - 4 scrolls of identify
 j - 3 scrolls of remove curse
 m - 2 scrolls of blinking
 t - a scroll of fog
Potions
 g - 3 potions of curing {unknown}
 h - a potion of might {unknown}
 l - a potion of magic {unknown}
 o - 2 potions of agility
 p - 2 potions of mutation {unknown}
 q - a potion of ambrosia {unknown}
 u - 2 potions of degeneration {unknown}
Books
 b - a book of Conjurations

   Spells                             Type                      Level
   a - Magic Dart                     Conjuration                  1
   b - Searing Ray                    Conjuration                  2
   c - Dazzling Spray                 Conjuration/Hexes            3
   d - Fulminant Prism                Conjuration/Hexes            4
   e - Force Lance                    Conjuration/Translocation    4
   f - Iskenderun's Mystic Blast      Conjuration                  4
Comestibles
 c - 8 rations


   Skills:
 - Level 2.4 Dodging
 - Level 2.4 Stealth
 + Level 11.5 Spellcasting
 + Level 6.7 Conjurations
 + Level 5.9 Hexes


You had 19 spell levels left.
You knew the following spells:

 Your Spells              Type           Power        Failure   Level  Hunger
a - Magic Dart            Conj           ####         1%          1    None
b - Searing Ray           Conj           #####.       1%          2    None
c - Iskenderun's Mystic   Conj           #####...     4%          4    None
d - Fulminant Prism       Conj/Hex       #####.....   6%          4    None


Dungeon Overview and Level Annotations

Branches:
Dungeon (6/15)
 Temple: D:4-7

Altars:
Ashenzari
Makhleb
Nemelex Xobeh
Ru


Message History

The iguana closely misses you.
Your fulminant prism crackles loudly.
Casting: Iskenderun's Mystic Blast
Confirm with . or Enter, or press ? or * to list all spells.
Aiming: Searing Ray
Press: ? - help, Shift-Dir - straight line, f - howler monkey, p - gnoll
Aim: a howler monkey (catching its breath)
The searing ray hits the gnoll sergeant.
The gnoll sergeant is moderately wounded. (Press . to maintain the ray.)
The gnoll sergeant hits you from afar with a trident!
The iguana closely misses you.
Your fulminant prism explodes!
The blast of energy engulfs the gnoll.
You kill the gnoll!
The blast of energy engulfs the ogre.
The ogre is heavily wounded.
The blast of energy engulfs you!
Ouch! That really hurt!
You die...

. ####.. #
###......
##.##.......#
#.....l.?...#
#....@hggg...
..........O...#
###.......)....
#....a.......
###.#...)....
#.#......#.
....###....
####.# ###.


You could see an ogre, a gnoll sergeant, a howler monkey, an iguana, a worker
ant and 2 gnolls.

Vanquished Creatures
  The ghost of Pad the Changer, a novice NaTm of Cheibriados (D:5)
  Grinder (D:4)
  Sigmund (D:4)
  A phantom (D:4)
  A sky beast (D:5)
  2 ogres
  A bullfrog (D:5)
  A crimson imp (D:5)
  A bullfrog zombie (D:5)
  2 orc priests
  2 jellies (D:5)
  3 orc wizards
  2 worker ants (D:4)
  2 gnolls (D:6)
  6 adders
  A shadow imp (D:5)
  3 oozes
  3 dart slugs
  5 leopard geckos
  3 orcs
  3 ball pythons
  7 bats
  7 giant cockroaches
  8 goblins
  5 hobgoblins
  20 jackals
  A quokka (D:3)
  7 frilled lizards
  6 kobolds
  A quokka zombie (D:5)
  6 rats
113 creatures vanquished.

Notes
Turn   | Place    | Note
-------+----------+-------------------------------------------
     0 | D:1      | Mirai the Deep Elf Conjurer began the quest for the Orb.
     0 | D:1      | Reached XP level 1. HP: 10/10 MP: 6/6
   230 | D:1      | Reached skill level 4 in Spellcasting
   230 | D:1      | Reached XP level 2. HP: 15/15 MP: 5/9
   273 | D:1      | Found a shattered altar of Ashenzari.
   640 | D:1      | Reached XP level 3. HP: 18/19 MP: 4/11
   722 | D:1      | Reached skill level 5 in Spellcasting
   816 | D:2      | Learned a level 2 spell: Searing Ray
   935 | D:2      | Noticed an ogre
   957 | D:2      | Killed an ogre
   957 | D:2      | Reached skill level 7 in Spellcasting
   957 | D:2      | Reached XP level 4. HP: 24/24 MP: 3/15
  1104 | D:2      | Reached XP level 5. HP: 28/28 MP: 13/16
  1118 | D:2      | Learned a level 4 spell: Iskenderun's Mystic Blast
  1123 | D:2      | Learned a level 4 spell: Fulminant Prism
  1746 | D:3      | Reached skill level 8 in Spellcasting
  1774 | D:3      | Reached XP level 6. HP: 29/32 MP: 9/19
  2328 | D:4      | Noticed Grinder
  2333 | D:4      | Killed Grinder
  2333 | D:4      | Reached skill level 10 in Spellcasting
  2565 | D:4      | Reached XP level 7. HP: 35/36 MP: 17/22
  2583 | D:4      | Found a sacrificial altar of Ru.
  2625 | D:4      | Reached skill level 1 in Hexes
  2674 | D:4      | Found a sparkling altar of Nemelex Xobeh.
  2677 | D:4      | Found a burning altar of Makhleb.
  2679 | D:4      | Found a shattered altar of Ashenzari.
  2828 | D:4      | Reached skill level 5 in Conjurations
  2913 | D:5      | Entered Level 5 of the Dungeon
  2913 | D:5      | Noticed Sigmund
  2919 | D:4      | Killed Sigmund
  3224 | D:5      | Reached XP level 8. HP: 39/41 MP: 16/24
  3322 | D:5      | Noticed Pad's ghost (novice NaTm)
  3340 | D:5      | Killed Pad's ghost
  3340 | D:5      | Reached skill level 11 in Spellcasting
  3340 | D:5      | Reached skill level 5 in Hexes
  3367 | D:5      | HP: 1/41 [bullfrog (5)]
  4086 | D:6      | Killed by an exploding fulminant prism

Skill      XL: |  1  2  3  4  5  6  7  8 |
---------------+-------------------------+-----
Spellcasting   | 4 7 8 10 11 | 11.5
Hexes          | 3 5 |  5.9
Conjurations   | 5 6 |  6.7
Dodging        | |  2.4
Stealth        | |  2.4

Action                   |  1- 3 |  4- 6 |  7- 9 || total
-------------------------+-------+-------+-------++-------
Melee: Unarmed           |     1 |       |       ||     1
       Dagger            |     1 |     3 |     6 ||    10
 Cast: Magic Dart        |    60 |    68 |    37 ||   165
       Searing Ray       |     1 |    11 |    21 ||    33
       Iskenderun's Myst |       |     1 |     6 ||     7
       Fulminant Prism   |       |       |     1 ||     1
  Use: Scroll            |       |     7 |     3 ||    10
  Eat: Chunk             |       |     5 |     3 ||     8
Armor: Robe              |     5 |     8 |       ||    13
       Leather armour    |       |     1 |    25 ||    26
Dodge: Dodged            |    28 |    24 |    31 ||    83
